 Dungeon Crawl Stone Soup version 0.26.1-2-gb8aa6d0cf2 (webtiles) character file.

Game seed: 14213548828437817261

3 RaHiT the Sneak (level 1, 0/16 HPs)
             Began as an Octopode Delver on Mar 15, 2021.
             Slain by a bullfrog skeleton (3 damage)
             ... on level 6 of the Dungeon.
             The game lasted 00:02:25 (138 turns).

RaHiT the Sneak (Octopode Delver)                    Turns: 138, Time: 00:02:25

Health: 0/16       AC:  1    Str: 11    XL:     1   Next: 50%
Magic:  1/1        EV: 13    Int: 12    God:
Gold:   20         SH:  0    Dex: 13    Spells: 0/0 levels left

rFire    . . .     SeeInvis .     - Unarmed
rCold    . . .     Faith    .   (no shield)
rNeg     . . .     Spirit   .   (helmet restricted)
rPois    .         Reflect  .   (no amulet)
rElec    .         Harm     .   (no ring)
rCorr    .         Rampage  .   (no ring)
Will     .....                  (no ring)
Stlth    ++++......             (no ring)
HPRegen  0.05/turn              (no ring)
MPRegen  0.07/turn              (no ring)
                                (no ring)
                                (no ring)

@: no status effects
A: almost no armour, stealthy swim, amphibious, 8 rings, constrict 8, camouflage
1, gelatinous body 1
a: no special abilities


You were on level 6 of the Dungeon.
You visited 2 branches of the dungeon, and saw 3 of its levels.

You collected 20 gold pieces.

Inventory:

Wands
 e - a wand of digging (3)
Scrolls
 a - a scroll of fog
 b - a scroll of magic mapping
 c - a scroll of fear
 f - a scroll of amnesia {unknown}
Potions
 d - a potion of haste


   Skills:
 - Level 3.0 Fighting
 * Level 2.0 Dodging
 * Level 6.6 Stealth
 * Level 2.1 Unarmed Combat
 + Level 0.0 Spellcasting
 + Level 0.1 Evocations


You couldn't memorise any spells.
You didn't know any spells.
Your spell library was empty.

Dungeon Overview and Level Annotations

Branches:
Dungeon (6/15)             Temple (1/1) D:5

Altars:
Dithmenos
Elyvilon
Fedhas
Gozag
Kikubaaqudgha
Nemelex Xobeh
Okawaru
Ru
Sif Muna
Uskayaw
Xom
Zin
The Shining One


Innate Abilities, Weirdness & Mutations

You cannot wear most types of armour.
You are very stealthy in the water. (Stealth+)
You are amphibious.
You can wear up to eight rings at the same time.
You can use your tentacles to constrict eight enemies at once.
Your skin changes colour to match your surroundings (Stealth+).
Your rubbery body absorbs attacks. (AC +1, EV +1)


Message History

You now have 20 gold pieces.
A bullfrog skeleton comes into view.
The bullfrog skeleton hits you.
You tentacle-slap the bullfrog skeleton.
You grab the bullfrog skeleton.
The bullfrog skeleton is lightly damaged.
You constrict the bullfrog skeleton.
The bullfrog skeleton closely misses you.
You tentacle-slap the bullfrog skeleton.
The bullfrog skeleton is moderately damaged.
You constrict the bullfrog skeleton. The bullfrog skeleton hits you.
You tentacle-slap the bullfrog skeleton.
The bullfrog skeleton is heavily damaged.
You constrict the bullfrog skeleton. The bullfrog skeleton hits you.
* * * LOW HITPOINT WARNING * * *
You tentacle-slap the bullfrog skeleton but do no damage.
The bullfrog skeleton is heavily damaged.
You constrict the bullfrog skeleton. The bullfrog skeleton misses you.
The bullfrog skeleton hits you.
You die...

### #.## #... #.##
#.# ###########
#.# #.....Z...#
###### #.#
##.######Z# #....#
#.# #@#
#....###.## #.#
+....)..... #.#+##
#....###.#.
#....##.........#.
#....##....#....#.
#....##....#.##.#.
#.#........#....#.
#.######...######.
#.................


You could see a bullfrog skeleton.

Vanquished Creatures
  An orc (D:6)
  A quokka (D:6)
2 creatures vanquished.

Notes
Turn   | Place    | Note
-------+----------+-------------------------------------------
     0 | D:5      | RaHiT the Octopode Delver began the quest for the Orb.
     0 | D:5      | Reached XP level 1. HP: 16/16 MP: 1/1
     0 | D:5      | Found a staircase to the Ecumenical Temple.
     5 | Temple   | Entered the Ecumenical Temple
   138 | D:6      | Slain by a bullfrog skeleton

Illustrated notes

Levels and vault maps discovered:
D:5:      layout_cave_pools, yredelemnul_forgotten_temple_becter,
          minmay_temple_entry_from_below_a, minmay_fire_ice_demons,
          uniq_eustachio
D:6:      layout_basic, lemuel_round_altar, nicolae_qazlal_style_of_elements,
          st_stairs_5, minmay_misc_feat_nine_boxes, uniq_maggie
Temple:   cyrus_circular_temple

Action                   || total
-------------------------++-------
Melee: Unarmed           ||     7
       Constrict         ||     2
       Tentacles         ||     1
 Stab: Sleeping          ||     2
Dodge: Dodged            ||     2
